 Dungeon Crawl Stone Soup version 0.30-a0-782-ge64f9170bb (webtiles) character file.

Game seed: 11255881908979940164

3384 Leeroy the Carver (level 10, -1/49 HPs)
             Began as a Vine Stalker Warper on Feb 19, 2023.
             Was a Follower of Wu Jian.
             Killed from afar by an electric eel (8 damage)
             ... with a bolt of electricity
             ... on level 7 of the Dungeon.
             The game lasted 00:14:43 (7295 turns).

Leeroy the Carver (Vine Stalker Warper)             Turns: 7295, Time: 00:14:44

Health: -1/49      AC:  8    Str: 15    XL:     10   Next: 4%
Magic:  0/20       EV: 13    Int: 13    God:    Wu Jian [*.....]
Gold:   390        SH:  5    Dex: 17    Spells: 9/22 levels left

rFire   + . .      SeeInvis .    I - +0 scimitar
rCold   x . .      Faith    .    (no shield)
rNeg    . . .      Spirit   +    N - +0 acid dragon scales
rPois   .          Reflect  +    p - +0 helmet
rElec   .          Harm     .    s - +0 cloak of Nihilism {Stlth+}
rCorr   +          Rampage  .    (no gloves)
Will    +....      NoTele   +    (no boots)
Stlth   ++                       A - amulet of reflection
HPRegen 1.08/turn                q - ring of wizardry
MPRegen 0.17/turn                E - ring of fire

@: stuck, very slightly contaminated
A: fangs 3, regeneration 1, magic shield, antimagic bite, no potion heal 2
a: Renounce Religion


You were on level 7 of the Dungeon.
You worshipped Wu Jian.
Wu Jian was aware of your devotion.
You visited 2 branches of the dungeon, and saw 8 of its levels.
You also visited: Sewer.

You collected 390 gold pieces.

Inventory:

Hand Weapons
 a - a +0 falchion
 H - the +6 mace of the Wilderness {flame, +Blink rC+ Dex+3}
   (You found it on level 6 of the Dungeon)

   Dex:       It affects your dexterity (+3).
   rC:        It protects you from cold.
   +Blink:    It lets you blink.
 I - a +0 scimitar (weapon)
 J - a +2 dagger of venom
Missiles
 d - 7 boomerangs of dispersal (quivered)
 n - 34 poisoned darts
 o - 8 curare-tipped darts
 v - a boomerang
 M - 3 throwing nets
Armour
 b - a +0 leather armour
 k - an orb of mayhem
 p - a +0 helmet (worn)
 s - the +0 cloak of Nihilism (worn) {Stlth+}
   (You found it on level 4 of the Dungeon)

   Stlth:     It makes you more stealthy.
 K - a +1 robe of resistance
 N - +0 acid dragon scales (worn)
Jewellery
 g - an amulet of faith
 q - a ring of wizardry (left hand)
 A - an amulet of reflection (around neck)
 E - a ring of fire (right hand)
Wands
 c - a wand of digging (8)
 t - a wand of flame (26)
 L - a wand of charming (10)
Scrolls
 f - 3 scrolls of fog
 l - a scroll of fear
 r - a scroll of brand weapon
 x - a scroll of blinking
 y - 4 scrolls of enchant weapon
 z - a scroll of noise
 C - a scroll of torment
 F - 2 scrolls of summoning {unknown}
Potions
 e - 2 potions of attraction
 h - 2 potions of ambrosia {unknown}
 i - a potion of lignification {unknown}
 j - 2 potions of curing
 m - a potion of might {unknown}
 u - 2 potions of brilliance {unknown}
 w - a potion of invisibility {unknown}
 B - a potion of magic {unknown}
 D - 2 potions of cancellation {unknown}
 G - 2 potions of haste {unknown}


   Skills:
 - Level 4.1 Fighting
 + Level 9.9 Long Blades
 - Level 0.8 Throwing
 - Level 1.1 Armour
 - Level 4.2 Dodging
 - Level 0.4 Shields
 * Level 6.5 Spellcasting
 - Level 3.0 Translocations


You had 9 spell levels left.
You knew the following spells:

 Your Spells              Type           Power      Damage    Failure   Level
a - Blink                 Tloc           24%        N/A       4%          2
b - Vhi's Electric Charg  Tloc/Air       16%        N/A       16%         3
c - Manifold Assault      Tloc           12%        N/A       26%         4
d - Passage of Golubria   Tloc           12%        N/A       26%         4

Your spell library contained the following spells:

 Spells                   Type           Power      Damage    Failure   Level
 Lesser Beckoning         Tloc           24%        N/A       4%          2
 Teleport Other           Tloc           12%        N/A       9%          3
 Stone Arrow              Conj/Erth      8%         3d7       26%         3
 Summon Guardian Golem    Hex/Summ       4%         N/A       26%         3
 Animate Armour           Summ/Erth      8%         N/A       63%         4
 Silence                  Hex/Air        2%         N/A       91%         5
 Dispersal                Tloc           6%         N/A       98%         6
 Orb of Destruction       Conj           2%         9d5       100%        7
 Spellforged Servitor     Conj/Summ      2%         N/A       100%        7
 Disjunction              Tloc           6%         N/A       100%        8
 Lehudib's Crystal Spear  Conj/Erth      2%         10d2      100%        8


Dungeon Overview and Level Annotations

Branches:
Dungeon (7/15)             Temple (1/1) D:6           Sewer (visited)

Altars:
Ashenzari
Dithmenos
Elyvilon
Hepliaklqana
Makhleb
Nemelex Xobeh
Qazlal
Ru
Sif Muna
Trog
Uskayaw
Vehumet
Wu Jian
Xom
Yredelemnul


Innate Abilities, Weirdness & Mutations

You have razor-sharp teeth.
Your natural rate of healing is unusually fast.
When hurt, damage is shared between your health and your magic reserves.
Your bite disrupts and absorbs the magic of your enemies.
Potions cannot restore your health.


Message History

The bolt of electricity hits you.
The electric eel shoots out a bolt of lightning at you!
The bolt of electricity hits the electric eel.
The electric eel completely resists.
The bolt of electricity hits you!
You slash the electric eel!
The electric eel is almost dead.
The electric eel shoots out a bolt of lightning at you!
The bolt of electricity hits the electric eel.
The electric eel completely resists.
The bolt of electricity hits you!
* * * LOW HITPOINT WARNING * * *
You hit the electric eel.
You kill the electric eel!
The Council accepts your kill.
The electric eel shoots out a bolt of lightning at you!
The bolt of electricity misses you.
Casting: Blink (safe; 4% risk of failure)
Confirm with . or Enter, or press ? or * to list all spells.
Charge where?
Press: ? - help, Dir - move target, f - electric eel
Aim: an electric eel (64% to hit)
You miscast Vhi's Electric Charge.
You are very lightly contaminated with residual magic.
You feel a wrenching sensation.
You are magically locked in place.
The electric eel shoots out a bolt of lightning at you!
The bolt of electricity hits you!
* * * LOW HITPOINT WARNING * * *
As you read the scroll of fear, it crumbles to dust.
You assume a fearsome visage.
The electric eel looks frightened!
You cannot move.
Okay, then.
Aiming: Throw Flame
Press: ? - help, Shift-Dir - straight line, f/p - electric eel
Aim: an electric eel (water, fleeing, 48% to hit)
The puff of flame hits the electric eel.
The electric eel is moderately wounded.
Your attack snaps the electric eel out of its fear.
The electric eel is engulfed in a cloud of scalding steam.
The electric eel shoots out a bolt of lightning at you!
The bolt of electricity hits you!
You die...

.....#........#.....[..+
.....#........#.....=..#
.....#........#....<...#
##)..####.....##......##
##...# ########......###
#....... .... +........#
#....... ......#........#
#..............#........#
##...####...P...@....=..#
##...####...~~§§.......##
......+.....~§~~.......#
......#...).S~~~.........
......#.....~~~~.......8..
......#.......~.P.........
....^.#......$.#.......PP
##...##<.#######........
##...##..##...##


You could see an electric eel.

Vanquished Creatures
  Maggie (D:6)
  Sigmund (D:6)
  2 ice beasts
  3 black bears
  An ogre (D:7)
  2 centaurs
  6 kobold brigands
  A bullfrog (D:7)
  A water moccasin zombie (D:7)
  2 necrophages
  5 scorpions
  8 wights
  An electric eel (D:7)
  A centaur zombie (D:7)
  A hound (D:4)
  2 jellies
  A gnoll bouda (D:5)
  3 orc priests
  An iguana (D:5)
  8 orc wizards
  2 killer bee zombies (D:7)
  8 gnolls
  10 adders
  2 river rats (D:6)
  2 shadow imps
  3 white imps
  7 worms
  3 dart slugs
  17 orcs
  6 ball pythons
  10 endoplasms
  A giant cockroach (D:4)
  6 hobgoblins
  8 jackals
  7 quokkas
  4 bats
  2 frilled lizards
  A goblin (D:1)
  14 kobolds
  7 rats
171 creatures vanquished.

Vanquished Creatures (others)
  9 withered plants (D:7)
9 creatures vanquished.

Grand Total: 180 creatures vanquished

Notes
Turn   | Place    | Note
-------+----------+-------------------------------------------
     0 | D:1      | Leeroy the Vine Stalker Warper began the quest for the Orb.
     0 | D:1      | Reached XP level 1. HP: 11/11 MP: 4/4
   116 | D:2      | Reached skill level 2 in Long Blades
   179 | D:2      | Reached XP level 2. HP: 15/15 MP: 6/6
   513 | D:2      | Reached skill level 3 in Long Blades
   691 | D:2      | Reached XP level 3. HP: 18/18 MP: 7/7
  1285 | D:1      | Found a faded altar of an unknown god.
  1582 | D:3      | Gained mutation: Your natural rate of healing is unusually
                  | fast. [Vine Stalker growth]
  1582 | D:3      | Reached XP level 4. HP: 16/23 MP: 5/8
  1793 | D:3      | Reached skill level 4 in Long Blades
  1852 | D:3      | Found a shadowy altar of Dithmenos.
  1855 | D:3      | Found a shimmering altar of Xom.
  1855 | D:3      | Found a hazy altar of Hepliaklqana.
  1857 | D:3      | Found a sparkling altar of Nemelex Xobeh.
  1857 | D:3      | Found a radiant altar of Vehumet.
  1857 | D:3      | Found a shimmering blue altar of Sif Muna.
  2098 | D:4      | Identified the +0 cloak of Nihilism {Stlth+}
  2246 | D:4      | You fall into a shaft and drop 1 floor!
  2246 | D:5      | Entered Level 5 of the Dungeon
  2268 | D:5      | Learned a level 2 spell: Blink
  2272 | D:5      | Learned a level 3 spell: Vhi's Electric Charge
  2288 | D:5      | Reached XP level 5. HP: 26/26 MP: 9/9
  2309 | D:5      | Reached skill level 5 in Long Blades
  2819 | D:4      | Reached XP level 6. HP: 8/30 MP: 3/10
  2891 | D:4      | Learned a level 4 spell: Manifold Assault
  2892 | D:4      | Found a hazy altar of Hepliaklqana.
  3048 | D:5      | Reached skill level 6 in Long Blades
  3214 | D:5      | Found a basalt altar of Yredelemnul.
  3270 | D:5      | Reached XP level 7. HP: 30/34 MP: 8/11
  3364 | D:5      | Reached skill level 7 in Long Blades
  4135 | D:6      | Reached skill level 8 in Long Blades
  4156 | D:6      | Found a glowing drain.
  4164 | Sewer    | Entered a sewer
  4362 | Sewer    | Gained mutation: You have razor-sharp teeth. [Vine Stalker
                  | growth]
  4362 | Sewer    | Reached XP level 8. HP: 32/39 MP: 10/13
  4972 | D:6      | Identified the +6 mace of the Wilderness {flame, +Blink rC+
                  | Dex+3}
  4993 | D:6      | Noticed Sigmund
  5350 | D:6      | Reached skill level 5 in Spellcasting
  5547 | D:6      | Killed Sigmund
  5548 | D:6      | Reached XP level 9. HP: 45/45 MP: 16/18
  5656 | D:6      | Found a staircase to the Ecumenical Temple.
  5999 | Temple   | Entered the Ecumenical Temple
  6182 | Temple   | Became a worshipper of the Wu Jian Council
  6639 | D:6      | Learned a level 4 spell: Passage of Golubria
  6667 | D:7      | Reached skill level 9 in Long Blades
  6912 | D:7      | Noticed Maggie
  6959 | D:6      | Killed Maggie
  7080 | D:7      | Identified the +0 short sword of Yredelemnul's Favour
                  | {antimagic, Dex+5}
  7103 | D:7      | Reached skill level 1 in Armour
  7112 | D:7      | Reached * piety under Wu Jian
  7113 | D:7      | Reached XP level 10. HP: 5/49 MP: 4/20
  7295 | D:7      | Killed from afar by an electric eel

Illustrated notes

Levels and vault maps discovered:
D:1:      lightli_arrival_isolated_outpost, layout_rooms,
          shapermc_ecumenical_altar_acropolis
D:2:      layout_basic
D:3:      layout_loops_ring, doesnt_xom_only_xom
D:4:      layout_cave_pools, kennysheep_little_box
D:5:      layout_loops_corners, marbit_many_paths
D:6:      cheibrodos_thug_alley, layout_loops_ring,
          minmay_temple_entry_enclosed_plants, gup_sewer_entry_bubbles,
          uniq_sigmund
D:7:      layout_gridville, kiku_gazebo_garden_becter, serial_undead,
          serial_undead_a, serial_undead_f, serial_undead_e, serial_undead_e,
          serial_undead_f, serial_undead_f, uniq_maggie
Temple:   hellmonk_temple_forest_ring

Skill      XL: |  1  2  3  4  5  6  7  8  9 |
---------------+----------------------------+-----
Long Blades    | 2 3 4 5 6 8 9 |  9.9
Fighting       | 2 4 |  4.1
Spellcasting   | 5 6 |  6.5
Dodging        | 2 4 |  4.2
Armour         | 1 |  1.1
Throwing       | |  0.8
Shields        | |  0.4
Translocations | |  3.0

Action                     |  1- 3 |  4- 6 |  7- 9 | 10-12 || total
---------------------------+-------+-------+-------+-------++-------
  Melee: Falchion          |   112 |   142 |   268 |       ||   522
         Bite              |    29 |    43 |   142 |       ||   214
         Punch             |     1 |       |     5 |       ||     6
         Scimitar          |       |       |   224 |     7 ||   231
   Cast: Vhi's Electric Ch |       |       |     4 |       ||     4
         Blink             |       |       |     1 |     1 ||     2
Ability: Lunge             |       |       |    11 |     1 ||    12
  Evoke: Wand              |       |       |     2 |     1 ||     3
    Use: Scroll            |       |     1 |     9 |     1 ||    11
         Potion            |       |     1 |     1 |       ||     2
   Stab: Sleeping          |     2 |     4 |     4 |       ||    10
 Armour: Leather armour    |    37 |    64 |    61 |       ||   162
         Robe              |       |       |    35 |       ||    35
         Acid dragon scale |       |       |    25 |       ||    25
  Dodge: Dodged            |    83 |   101 |   264 |     2 ||   450
  Block: Other             |       |    15 |   103 |     1 ||   119

Table legend: (Time is in decaauts)
 A = Elapsed time spent in this place.
 B = Non-inter-level travel time spent in this place.
 C = Inter-level travel time spent in this place.
 D = Time resting spent in this place.
 E = Time spent auto-exploring this place.
 F = Levels seen in this place.
 G = Mean time per level.
                   A        B        C        D        E       F      G
               +--------+--------+--------+--------+--------+-----+--------+
         Total |   7492 |   6707 |    785 |    406 |   4377 |   9 |  832.4 |
       Dungeon |   6456 |   5713 |    743 |    406 |   3672 |   7 |  922.3 |
        Temple |    194 |    152 |     42 |      0 |    131 |   1 |  194.0 |
         Sewer |    841 |    841 |      0 |      0 |    573 |   1 |  841.0 |
               +--------+--------+--------+--------+--------+-----+--------+

Top non-repeatable levels by time:
     D:6: 1599 daAuts
     D:5: 1478 daAuts
     D:2: 1136 daAuts
   Sewer: 841 daAuts
     D:3: 777 daAuts
     D:4: 733 daAuts
     D:1: 405 daAuts
     D:7: 325 daAuts
  Temple: 194 daAuts
